 Dungeon Crawl Stone Soup version 0.30-a0-1112-gfb780f5df6 (webtiles) character file.

Game seed: 10544506839157932456

1791 hwolsky the Cleaver (level 8, -7/71 HPs)
             Began as a Minotaur Fighter on Apr 19, 2023.
             Was a Believer of Okawaru.
             Mangled by a hornet (12 damage)
             ... on level 7 of the Dungeon.
             The game lasted 00:14:29 (6104 turns).

hwolsky the Cleaver (Minotaur Fighter)              Turns: 6104, Time: 00:14:30

Health: -7/71      AC: 14    Str: 23    XL:     8   Next: 82%
Magic:  8/8        EV:  6    Int:  5    God:    Okawaru [**....]
Gold:   290        SH:  8    Dex: 10    Spells: 7/7 levels left

rFire   . . .      SeeInvis .    a - +1 war axe
rCold   . . .      Faith    .    g - +3 buckler
rNeg    . . .      Spirit   .    y - +0 plate armour
rPois   .          Reflect  .    (helmet restricted)
rElec   .          Rampage  .    (no cloak)
rCorr   .                        (no gloves)
Will    .....                    s - +0 pair of boots Stlth
                                 (no amulet)
HPRegen 0.31/turn                n - ring of flight
MPRegen 0.11/turn                (no ring)

@: about to teleport, flying, slowed, very slow
A: horns 2, retaliatory headbutt
a: Renounce Religion, Heroism


You were on level 7 of the Dungeon.
You worshipped Okawaru.
Okawaru was pleased with you.
You visited 2 branches of the dungeon, and saw 8 of its levels.
You also visited: Sewer.

You collected 290 gold pieces.

Inventory:

Hand Weapons
 a - a +1 war axe (weapon)
Missiles
 m - 2 throwing nets (quivered)
 r - 2 boomerangs
 x - 3 boomerangs of dispersal
Armour
 g - a +3 buckler (worn)
 s - a +0 pair of boots (worn)
 y - a +0 plate armour (worn)
Jewellery
 n - a ring of flight (left hand)
Wands
 v - a wand of quicksilver (9)
Scrolls
 f - a scroll of fog
 k - 2 scrolls of enchant armour
 l - a scroll of teleportation
 o - a scroll of enchant weapon
 q - a scroll of magic mapping
Potions
 c - a potion of lignification
 d - 3 potions of might
 e - a potion of attraction
 h - a potion of degeneration
 p - a potion of magic
 t - 2 potions of ambrosia
 w - a potion of experience {unknown}


   Skills:
 + Level 6.9 Fighting
 * Level 8.7 Axes
 + Level 6.9 Armour
 + Level 6.9 Shields
 + Level 2.4 Invocations


You had 7 spell levels left.
You didn't know any spells.
Your spell library contained the following spells:

 Spells                   Type           Power      Damage    Failure   Level
 Sandblast                Erth           0%         2d4       100%        1
 Passwall                 Tmut/Erth      0%         N/A       100%        2
 Stone Arrow              Conj/Erth      0%         3d7       100%        3


Dungeon Overview and Level Annotations

Branches:
Dungeon (6/15)             Temple (1/1) D:4           Sewer (visited)

Altars:
Ashenzari
Cheibriados
Dithmenos
Elyvilon
Fedhas
Gozag
Hepliaklqana
Kikubaaqudgha
Makhleb
Nemelex Xobeh
Okawaru
Qazlal
Sif Muna
Trog
Uskayaw
Vehumet
Xom
Yredelemnul
Zin
The Shining One

Annotations:
D:7 Prince Ribbit


Innate Abilities, Weirdness & Mutations

You have a pair of horns on your head.
You reflexively headbutt those who attack you in melee.


Message History

As you read the scroll of blinking, it crumbles to dust.
You feel very sick.
You feel sick.
You feel sick.
You feel yourself speed up.
You feel sick.
You are no longer corroded.
You feel sick.
You are no longer poisoned.
Prince Ribbit sighs, "It's not easy being green!"
The hornet barely misses you. You furiously retaliate!
You headbutt the hornet!
The hornet stings you but does no damage.
The hornet attacks as you move away! You block the hornet's attack.
The hornet stings you but does no damage.
The hornet stings you!
* * * LOW HITPOINT WARNING * * *
You are lethally poisoned!
You feel yourself slow down.
The hornet stings you but does no damage.
You feel better.
You block the hornet's attack. x2; Prince Ribbit blinks!
The hornet stings you!
* * * LOW HITPOINT WARNING * * *
You feel as though you will be slow longer.
The hornet stings you.
* * * LOW HITPOINT WARNING * * *
You are lethally poisoned!
You feel as though you will be slow longer.
You feel better. You block the hornet's attack.
The hornet stings you but does no damage.
The hornet stings you.
* * * LOW HITPOINT WARNING * * *
You feel as though you will be slow longer.
You block the hornet's attack.
As you read the scroll of teleportation, it crumbles to dust.
You feel strangely unstable. The hornet stings you.
* * * LOW HITPOINT WARNING * * *
You feel as though you will be slow longer.
You block the hornet's attack. The hornet barely misses you.
The hornet stings you!
You die...

##..... .....# ....#
#...# ###...##
###......# #........##
## #...@..# ..#
#...yy.#####...#..
##.F.................
#...................
#..>.................
#.......####..........
#..≈≈≈..# #)........
#.≈§§≈§.# ##.......#
#.≈§_≈≈.# ##.........


You could see Prince Ribbit and 2 hornets.

Vanquished Creatures
  Grinder (D:5)
  Edmund (D:4)
  An orc warrior (D:6)
  A sky beast (D:6)
  An ogre (D:5)
  A black bear (D:5)
  A centaur (D:6)
  3 scorpions
  A howler monkey (D:6)
  3 hounds
  A jelly (D:7)
  An orc priest (D:3)
  A gnoll bouda (D:6)
  3 iguanas (D:5)
  3 scorpion zombies (D:4)
  A sleepcap (D:4)
  4 orc wizards
  A hound zombie (D:4)
  5 gnolls (D:6)
  12 adders
  4 river rats
  An ufetubus (D:6)
  3 worms (D:2)
  4 dart slugs
  10 orcs
  9 ball pythons
  4 bats (D:1)
  11 endoplasms
  4 giant cockroaches
  8 goblins
  10 hobgoblins
  5 jackals
  4 quokkas
  6 frilled lizards
  12 kobolds
  18 rats
159 creatures vanquished.

Notes
Turn   | Place    | Note
-------+----------+-------------------------------------------
     0 | D:1      | hwolsky the Minotaur Fighter began the quest for the Orb.
     0 | D:1      | Reached XP level 1. HP: 19/19 MP: 0/0
   170 | D:1      | Reached XP level 2. HP: 21/27 MP: 1/1
   344 | D:1      | Found a faded altar of an unknown god.
   349 | D:1      | Reached skill level 3 in Axes
   523 | D:1      | Reached XP level 3. HP: 31/33 MP: 2/2
  1402 | D:2      | Reached XP level 4. HP: 40/40 MP: 3/3
  1592 | D:3      | Found an opulent altar of Gozag.
  1858 | D:3      | Reached skill level 4 in Axes
  1869 | D:3      | Reached XP level 5. HP: 47/47 MP: 4/4
  2050 | D:3      | Found a glowing drain.
  2060 | Sewer    | Entered a sewer
  2435 | Sewer    | Reached skill level 5 in Axes
  2956 | D:3      | Reached XP level 6. HP: 55/55 MP: 5/5
  3255 | D:4      | Noticed Edmund
  3269 | D:4      | Killed Edmund
  3270 | D:4      | Reached skill level 5 in Fighting
  3270 | D:4      | Reached skill level 5 in Armour
  3270 | D:4      | Reached skill level 5 in Shields
  3478 | D:4      | Found a basalt altar of Yredelemnul.
  3623 | D:4      | Reached skill level 6 in Axes
  3625 | D:4      | Reached XP level 7. HP: 61/61 MP: 6/6
  3761 | D:4      | Found a staircase to the Ecumenical Temple.
  3765 | Temple   | Entered the Ecumenical Temple
  3988 | Temple   | Became a worshipper of Warmaster Okawaru
  4281 | D:4      | Found a hazy altar of Hepliaklqana.
  4541 | D:4      | Found a glowing silver altar of Zin.
  4547 | D:4      | Found a burning altar of Makhleb.
  4552 | D:4      | Found a shadowy altar of Dithmenos.
  4613 | D:5      | Entered Level 5 of the Dungeon
  4698 | D:5      | Noticed Grinder
  4704 | D:5      | Paralysed by Grinder for 5 turns
  4709 | D:5      | Killed Grinder
  4709 | D:5      | Reached * piety under Okawaru
  4710 | D:5      | Reached skill level 7 in Axes
  4790 | D:5      | Reached XP level 8. HP: 38/70 MP: 7/7
  4794 | D:5      | Reached skill level 1 in Invocations
  5605 | D:6      | Reached skill level 8 in Axes
  5744 | D:6      | Reached ** piety under Okawaru
  6072 | D:6      | You are sucked into a shaft and drop 1 floor!
  6079 | D:7      | Noticed Prince Ribbit
  6081 | D:7      | Noticed a hornet
  6086 | D:7      | Noticed a hornet
  6089 | D:7      | Paralysed by a hornet for 2 turns
  6093 | D:7      | Found an ancient bone altar of Kikubaaqudgha.
  6104 | D:7      | Mangled by a hornet

Illustrated notes

Levels and vault maps discovered:
D:1:      dpeg_arrival_water_fire, layout_basic,
          dreamdust_ecumenical_altar_angels_and_demons
D:2:      minmay_chambers_of_ones, layout_basic
D:3:      layout_loops_ring, grunt_gozag_statues, serial_rivers,
          chequers_serial_rivers_room_a, chequers_serial_rivers_large_b,
          chequers_serial_rivers_room_b, chequers_serial_rivers_micro_a,
          chequers_serial_rivers_room_a, chequers_serial_rivers_large_a,
          portal_sewer_entry_b
D:4:      layout_loops_cross, nicolae_hepliaklqana_hippocampus,
          nicolae_yredelemnul_corpse_copse, minmay_overflow_temple_star_quad,
          temple_hall_moat, minmay_misc_feat_tower, minmay_pentangle,
          uniq_edmund
D:5:      layout_basic, serial_curves, eino_curves_04, eino_curves_01,
          uniq_grinder
D:6:      layout_cave_pools
D:7:      layout_layer_cave, mainiacjoe_overflow_catwalk,
          uniq_crazy_yiuf_cottage, uniq_prince_ribbit1
Temple:   nicolae_temple_figure_eight

Skill      XL: |  1  2  3  4  5  6  7  8 |
---------------+-------------------------+-----
Axes           | 3 4 5 6 7 8 |  8.7
Armour         | 4 5 6 |  6.9
Fighting       | 4 5 6 |  6.9
Shields        | 4 5 6 |  6.9
Invocations    | 2 |  2.4

Action                     |  1- 3 |  4- 6 |  7- 9 || total
---------------------------+-------+-------+-------++-------
  Melee: War axe           |    91 |   145 |   119 ||   355
         Headbutt          |    10 |    19 |    20 ||    49
 Invoke: Heroism           |       |       |     1 ||     1
    Use: Scroll            |     6 |     6 |     8 ||    20
         Potion            |       |       |     4 ||     4
 Armour: Scale mail        |    48 |    63 |    39 ||   150
         Plate armour      |       |       |    14 ||    14
  Dodge: Dodged            |    37 |    60 |    55 ||   152
  Block: Buckler           |    38 |    48 |    66 ||   152

Table legend: (Time is in decaauts)
 A = Elapsed time spent in this place.
 B = Non-inter-level travel time spent in this place.
 C = Inter-level travel time spent in this place.
 D = Time resting spent in this place.
 E = Time spent auto-exploring this place.
 F = Levels seen in this place.
 G = Mean time per level.
                   A        B        C        D        E       F      G
               +--------+--------+--------+--------+--------+-----+--------+
         Total |   6336 |   6199 |    137 |    304 |   4113 |   9 |  704.0 |
       Dungeon |   5402 |   5280 |    122 |    304 |   3636 |   7 |  771.7 |
        Temple |    238 |    223 |     15 |      0 |    205 |   1 |  238.0 |
         Sewer |    695 |    695 |      0 |      0 |    271 |   1 |  695.0 |
               +--------+--------+--------+--------+--------+-----+--------+

Top non-repeatable levels by time:
     D:4: 1192 daAuts
     D:3: 1107 daAuts
     D:5: 945 daAuts
     D:1: 868 daAuts
     D:2: 728 daAuts
   Sewer: 695 daAuts
     D:6: 521 daAuts
  Temple: 238 daAuts
     D:7: 37 daAuts
